Map: Neon Violet Square LE

Players

DnS - Winner!

  • Race: Protoss Protoss
  • Spawn Location: 5:00

Ryung

  • Race: Terran Terran
  • Spawn Location: 11:00

Event: IEM Season 12 - Katowice

VOD

Have the link to the VOD?

Description

Time

  • Played on: Feb. 26, 2018, 9:05 a.m.
  • Length: 11:26

All games in this series

Show
View Real Time Build Order
Export as new Build Order

DnS Protoss - Winner!

Build Orders: 1 Gate Expand, Oracle Opening, Phoenix Opening, Zealot Archon 

Get SALT Encoding   

  12  0:00  Probe  
  13  0:13  Probe  
  14  0:18  Pylon  
  14  0:25  Probe (Chrono Boost)  
  15  0:37  Probe (Chrono Boost)  
  15  0:38  Gateway  
  16  0:45  Probe (Chrono Boost)  
  16  0:47  Assimilator  
  17  0:51  Probe  
  18  1:03  Probe  
  19  1:15  Probe  
  20  1:25  Nexus  
  20  1:33  Cybernetics Core  
  20  1:37  Probe  
  21  1:44  Assimilator  
  21  1:49  Probe  
  22  1:55  Pylon  
  22  2:01  Probe  
  23  2:12  Adept (Chrono Boost)  
  23  2:13  Probe  
  26  2:22  Stargate  
  26  2:25  Probe  
  27  2:32  Adept (Chrono Boost)  
  29  2:38  Probe  
  29  2:40  Probe  
  31  2:46  Warp Gate (Chrono Boost)  
  31  2:50  Probe  
  32  2:52  Probe  
  33  3:01  Adept (Chrono Boost)  
  33  3:02  Probe  
  33  3:04  Probe  
  37  3:12  Oracle (Chrono Boost)  
  37  3:14  Probe  
  37  3:17  Probe  
  42  3:25  Pylon  
  42  3:26  Probe  
  43  3:29  Probe  
  43  3:33  Gateway  
  44  3:35  Gateway  
  44  3:38  Probe  
  44  3:41  Probe  
  46  3:44  Pylon  
  46  3:49  Phoenix  
  46  3:50  Probe  
  46  3:54  Probe  
  50  3:57  Pylon  
  50  4:13  Probe  
  48  4:17  Probe  
  49  4:25  Probe  
  49  4:31  Probe  
  51  4:34  Nexus  
  51  4:37  Pylon  
  51  4:38  Assimilator  
  51  4:39  Assimilator  
  51  4:42  Stalker x3  
  51  4:43  Probe  
  51  4:44  Probe  
  59  4:55  Probe, Twilight Council  
  59  4:56  Probe  
  59  4:57  Forge  
  61  5:01  Protoss Ground Armor Level 1  
  59  5:07  Probe  
  59  5:10  Stalker x3  
  59  5:12  Probe  
  65  5:19  Probe  
  60  5:23  Phoenix  
  60  5:24  Probe  
  60  5:26  Pylon  
  60  5:27  Charge (Chrono Boost)  
  59  5:31  Probe  
  60  5:36  Probe  
  61  5:43  Probe  
  61  5:49  Gateway  
  62  5:50  Gateway  
  62  5:51  Sentry  
  62  5:52  Sentry, Gateway  
  62  5:53  Zealot  
  62  5:54  Probe  
  69  6:00  Phoenix  
  71  6:10  Probe x2  
  73  6:19  Probe  
  73  6:22  Probe x2, Zealot x3  
  73  6:25  Phoenix (Chrono Boost)  
  84  6:29  Gateway x2  
  84  6:33  Pylon  
  84  6:39  Pylon  
  85  6:40  Probe  
  85  6:42  Probe  
  85  6:43  Probe, Templar Archives  
  85  6:45  Phoenix (Chrono Boost)  
  89  6:47  Protoss Ground Armor Level 2 (Chrono Boost)  
  89  6:55  Zealot x5  
  99  7:02  Assimilator  
  99  7:03  Pylon  
  99  7:04  Zealot  
  101  7:09  Probe, Phoenix  
  101  7:13  Probe  
  101  7:14  Probe  
  106  7:16  Pylon  
  106  7:18  Pylon  
  106  7:27  High Templar  
  106  7:28  Zealot x3, High Templar  
  116  7:31  Pylon  
  116  7:32  Archon  
  116  7:35  Zealot x3  
  122  7:45  Pylon, Phoenix  
  122  7:46  Pylon  
  124  7:54  Zealot  
  124  7:55  Zealot x2  
  124  7:57  High Templar  
  124  7:58  Zealot, High Templar  
  136  8:02  Archon  
  136  8:04  Zealot x2  
  140  8:10  Pylon  
  140  8:18  Probe x2  
  140  8:19  Robotics Facility  
  142  8:21  Assimilator  
  142  8:25  Zealot x6  
  154  8:30  High Templar x2  
  158  8:35  Archon  
  158  8:46  Zealot x3  
  164  8:49  Pylon  
  164  8:50  Pylon  
  147  9:10  Zealot x2  
  147  9:12  Immortal (Chrono Boost)  
  139  9:26  Protoss Ground Weapons Level 1, Photon Cannon  
  139  9:28  Photon Cannon  
  139  9:29  Photon Cannon  
  139  9:31  Photon Cannon  
  137  9:33  Pylon  
  124  9:44  Immortal (Chrono Boost)  
  123  9:48  Probe x2  
  123  9:49  Probe  
  118  10:00  Probe  
  118  10:03  Pylon x2  
  118  10:05  Pylon x2  
  118  10:06  Probe x2  
  121  10:09  Pylon  
  121  10:14  Pylon  
  121  10:17  Pylon  
  121  10:18  Probe x2  
  121  10:20  Pylon  
  121  10:21  Immortal (Chrono Boost)  
  127  10:25  High Templar x4  
  127  10:28  Phoenix  
  137  10:29  Archon  
  137  10:30  Archon  
  137  10:31  Probe  
  137  10:34  Probe  
  137  10:35  Probe  
  140  10:43  Zealot x2  
  144  10:53  Observer  
  145  10:59  Zealot x4  
  124  11:19  Zealot x3  
  124  11:20  Zealot x3  
Show
View Real Time Build Order
Export as new Build Order

Ryung Terran 

Build Orders: Reaper Expand, MMM Bio 

Get SALT Encoding   

  12  0:00  SCV  
  13  0:12  SCV  
  14  0:18  Supply Depot  
  14  0:25  SCV  
  15  0:40  SCV, Barracks  
  16  0:45  Refinery  
  16  0:52  SCV  
  17  1:04  SCV  
  18  1:16  SCV  
  19  1:28  Orbital Command  
  19  1:29  Reaper  
  20  1:45  Command Center  
  20  1:53  SCV  
  21  2:01  Marine  
  21  2:02  Supply Depot  
  22  2:10  Factory  
  22  2:13  SCV  
  23  2:23  Marine  
  23  2:27  SCV  
  25  2:30  Barracks  
  25  2:35  Refinery  
  25  2:39  SCV  
  27  2:51  SCV  
  27  2:54  Widow Mine, Starport  
  27  2:58  Marine  
  30  3:05  Orbital Command  
  30  3:08  SCV  
  30  3:15  Marine  
  30  3:16  Widow Mine  
  30  3:17  Marine  
  34  3:20  SCV  
  35  3:31  SCV  
  35  3:32  Viking, SCV  
  39  3:35  Barracks Reactor  
  39  3:38  Marine  
  40  3:44  Supply Depot  
  40  3:46  SCV x2  
  42  3:57  Barracks Tech Lab  
  42  3:58  SCV  
  42  3:59  SCV  
  44  4:08  Supply Depot  
  43  4:11  SCV x2  
  43  4:14  Marine x2  
  44  4:17  Marine  
  44  4:18  Stimpack  
  44  4:22  Medivac  
  47  4:24  SCV x2  
  47  4:30  Engineering Bay  
  49  4:31  Marine  
  49  4:32  Marine  
  49  4:36  SCV x2, Liberator  
  53  4:39  Marine  
  54  4:46  Supply Depot  
  54  4:48  SCV  
  54  4:49  SCV, Marine x2  
  58  4:57  Marine  
  60  5:02  Cyclone  
  58  5:09  SCV x2, Marine x2  
  58  5:15  Marine  
  58  5:20  Bunker  
  58  5:21  SCV x2  
  58  5:24  Terran Infantry Weapons Level 1  
  59  5:33  SCV x2, Marine x3  
  62  5:36  Supply Depot  
  62  5:39  Factory Reactor  
  61  5:45  SCV x2  
  63  5:50  Marine x2  
  63  5:51  Marine  
  63  5:52  Command Center  
  66  5:57  SCV x2  
  66  6:01  Supply Depot  
  68  6:07  Barracks  
  68  6:09  SCV x2  
  70  6:18  Barracks  
  70  6:19  Barracks  
  70  6:21  SCV  
  70  6:22  SCV  
  70  6:23  Supply Depot  
  72  6:26  Medivac x2  
  72  6:31  Factory Reactor  
  72  6:32  Supply Depot, Refinery x2  
  76  6:34  SCV x2  
  76  6:36  Marine x2  
  76  6:37  Marine  
  81  6:42  Missile Turret  
  81  6:46  SCV x2  
  83  6:49  Combat Shields  
  83  6:56  Barracks Tech Lab  
  83  6:58  SCV  
  83  6:59  SCV, Marine  
  83  7:00  Marine, Marauder  
  83  7:01  Medivac  
  91  7:05  Orbital Command  
  91  7:11  Barracks Reactor, Barracks Tech Lab  
  91  7:13  Widow Mine x2  
  95  7:18  SCV x2  
  95  7:21  Terran Infantry Armor Level 1  
  97  7:25  Marine x2  
  97  7:29  Marauder x2  
  105  7:30  SCV x2, Marauder  
  105  7:33  Supply Depot  
  105  7:34  Orbital Command  
  105  7:35  Supply Depot  
  107  7:42  SCV x2  
  109  7:45  Marine x2, Concussive Shells  
  111  7:58  Marine x2, Marauder x3  
  113  8:02  SCV x2  
  113  8:03  Medivac  
  113  8:04  Armory  
  119  8:06  Engineering Bay, Medivac  
  119  8:10  SCV  
  122  8:13  Marine x2  
  122  8:19  Missile Turret  
  121  8:22  Widow Mine x2  
  121  8:23  SCV x3  
  121  8:25  Marine x2  
  121  8:27  Supply Depot  
  130  8:30  Supply Depot  
  130  8:31  Liberator  
  130  8:32  Marine, Marauder x2  
  133  8:37  Marine  
  130  8:44  Marine x2, Marauder  
  140  8:48  Widow Mine x2  
  140  8:53  Marauder  
  142  8:59  Marine x2, Marauder  
  145  9:05  Marauder  
  145  9:08  Marine x2  
  133  9:11  Widow Mine x2, Medivac  
  133  9:14  Marauder  
  133  9:17  Marine x2  
  103  9:20  Marine  
  84  9:26  Marine x2  
  84  9:31  Medivac  
  85  9:37  Marine x3  
  70  10:28  Marine  
  70  10:29  Marine x5  
  76  10:44  Widow Mine x2  
  76  10:48  Marine x3  
  76  10:49  Marine x3  
  79  11:06  Marine  

Tags
 
Add a new tag
Caveats
  • Supply blocks, unpowered buildings, or Contaminate may cause inaccurate times.
  • Supply counts are checked every 10 seconds.